UAA
DURHAM RAPIERS @ WESTWOOD SIXSHOOTERS
08/23/2018
 
TOP OF THE 1ST
Durham Rapiers batting - Pitching for Westwood Sixshooters : RHP John Tanner
Pitching: RHP John Tanner
Batting: LHB Mayer Röhricht 0-0: Called Strike
0-1: Ball
1-1: Foul Ball, location: 2F
1-2: Ball
2-2: Foul Ball, location: 2F
2-2: SINGLE (Line Drive, 89S)
Batting: LHB Gonzalo Féliz 0-0: Called Strike
0-1: SINGLE (Line Drive, 4M)
Mayer Röhricht to second
Batting: SHB Dan Godwin 0-0: Called Strike
0-1: Ball
1-1: Fly out, F7 (Popup, 78S)
Batting: RHB Robert Bailey 0-0: Ball
1-0: SINGLE (Groundball, 6MD)
Mayer Röhricht to third
Gonzalo Féliz to second
Runner from 3rd tries for Home, SAFE, throw made home
Gonzalo Féliz to third
Robert Bailey to second
Batting: SHB Roger Wheeler 0-0: Called Strike
0-1: Swinging Strike
0-2: Strikes out looking
Batting: LHB Raúl Andrade 0-0: Ball
1-0: Called Strike
1-1: Ball
2-1: Swinging Strike
2-2: Foul Ball, location: 2F
2-2: Fly out, F8 (Flyball, 8RXD)
Top of the 1st over - 1 run(s), 3 hit(s), 0 error(s), 2 left on base; Durham 1 - Westwood 0
BOTTOM OF THE 1ST
Westwood Sixshooters batting - Pitching for Durham Rapiers : RHP Francisco López
Pitching: RHP Francisco López
Batting: RHB Barnett Armstrong 0-0: Ball
1-0: Foul Ball, location: 2F
1-1: Ball
2-1: Ball
3-1: Foul Ball, location: 2F
3-2: Foul Ball, location: 2F
3-2: Fly out, F8 (Flyball, 8RS)
Batting: LHB Luis Medina 0-0: Ball
1-0: Called Strike
1-1: Foul Ball, location: 2F
1-2: Strikes out swinging
Batting: RHB Ángel Bruno 0-0: Swinging Strike
0-1: Swinging Strike
0-2: Ball
1-2: Ball
2-2: SINGLE (Line Drive, 4MD)
Batting: SHB Tim Moss 0-0: Called Strike
0-1: Foul Ball, location: 2F
0-2: Ground out 6-3 (Groundball, 6)
Bottom of the 1st over - 0 run(s), 1 hit(s), 0 error(s), 1 left on base; Durham 1 - Westwood 0
TOP OF THE 2ND
Durham Rapiers batting - Pitching for Westwood Sixshooters : RHP John Tanner
Batting: RHB Ray Whittier 0-0: Called Strike
0-1: Swinging Strike
0-2: Strikes out swinging
Batting: RHB Chris Bentley 0-0: Ball
1-0: Called Strike
1-1: Swinging Strike
1-2: Ground out 5-3 (Groundball, 56)
Batting: RHB Ignacio Rodríguez 0-0: Foul Ball, location: 2F
0-1: Ball
1-1: Fly out, F9 (Flyball, 9M)
Top of the 2nd over - 0 run(s), 0 hit(s), 0 error(s), 0 left on base; Durham 1 - Westwood 0
BOTTOM OF THE 2ND
Westwood Sixshooters batting - Pitching for Durham Rapiers : RHP Francisco López
Batting: RHB Bob Howells 0-0: Called Strike
0-1: Called Strike
0-2: Ball
1-2: Hit by Pitch
Batting: RHB Jason Boyer 0-0: Foul Ball, location: 2F
0-1: Foul Ball, location: 2F
0-2: Strikes out looking
Batting: RHB Dave Sherman 0-0: Ball
1-0: Swinging Strike
1-1: Ball
2-1: Ball
3-1: Base on Balls
Bob Howells to second
Batting: RHB Wayne Rose 0-0: Ball
1-0: Foul Ball, location: 2F
1-1: Foul Ball, location: 2F
1-2: Foul Ball, location: 2F
1-2: Foul Ball, location: 2F
1-2: Strikes out swinging
Batting: RHB Brandon Cooper 0-0: Ball
1-0: Fly out, F9 (Flyball, 89M)
Bottom of the 2nd over - 0 run(s), 0 hit(s), 0 error(s), 2 left on base; Durham 1 - Westwood 0
TOP OF THE 3RD
Durham Rapiers batting - Pitching for Westwood Sixshooters : RHP John Tanner
Batting: LHB Mayer Röhricht 0-0: Ball
1-0: Ball
2-0: Called Strike
2-1: TRIPLE (Line Drive, 7LD)
Batting: LHB Gonzalo Féliz 0-0: Fly out, F4 (Line Drive, 4)
Batting: SHB Dan Godwin 0-0: Foul Ball, location: 2F
0-1: Ball
1-1: Ball
2-1: Ball
3-1: Ground out 4-3 (Groundball, 4)
Mayer Röhricht scores
Batting: RHB Robert Bailey 0-0: Ball
1-0: Ball
2-0: Ball
3-0: Called Strike
3-1: Reached on error, E6 (Groundball, 6M)
Batting: SHB Roger Wheeler 0-0: Foul Ball, location: 2F
0-1: Ground out 3-1 (Groundball, 3L)
Top of the 3rd over - 1 run(s), 1 hit(s), 1 error(s), 1 left on base; Durham 2 - Westwood 0
BOTTOM OF THE 3RD
Westwood Sixshooters batting - Pitching for Durham Rapiers : RHP Francisco López
Batting: RHB Barnett Armstrong 0-0: Ball
1-0: Foul Ball, location: 2F
1-1: Swinging Strike
1-2: Ground out 6-3 (Groundball, 6)
Batting: LHB Luis Medina 0-0: Called Strike
0-1: Ball
1-1: Fly out, F6 (Popup, 6MD)
Batting: RHB Ángel Bruno 0-0: Ball
1-0: DOUBLE (Line Drive, 5D)
Batting: SHB Tim Moss 0-0: Foul Ball, location: 2F
0-1: Foul Ball, location: 2F
0-2: Ball
1-2: SINGLE (Line Drive, 4M)
Ángel Bruno to third
Runner from 3rd tries for Home, SAFE, no throw or cutoff
Batting: RHB Bob Howells 0-0: Swinging Strike
0-1: Foul Ball, location: 2F
0-2: Strikes out swinging
Bottom of the 3rd over - 1 run(s), 2 hit(s), 0 error(s), 1 left on base; Durham 2 - Westwood 1
TOP OF THE 4TH
Durham Rapiers batting - Pitching for Westwood Sixshooters : RHP John Tanner
Batting: LHB Raúl Andrade 0-0: Ball
1-0: Called Strike
1-1: Called Strike
1-2: Ball
2-2: Strikes out looking
Batting: RHB Ray Whittier 0-0: Called Strike
0-1: Ball
1-1: Ball
2-1: SINGLE (Line Drive, 89S)
Batting: RHB Chris Bentley 0-0: Ball
1-0: Ground out 6-3 (Groundball, 6S)
Ray Whittier to second
Batting: RHB Ignacio Rodríguez 0-0: Ball
1-0: Ground out 5-3 (Groundball, 5)
Top of the 4th over - 0 run(s), 1 hit(s), 0 error(s), 1 left on base; Durham 2 - Westwood 1
BOTTOM OF THE 4TH
Westwood Sixshooters batting - Pitching for Durham Rapiers : RHP Francisco López
Batting: RHB Jason Boyer 0-0: Called Strike
0-1: Ball
1-1: Ball
2-1: Swinging Strike
2-2: Strikes out swinging
Batting: RHB Dave Sherman 0-0: Called Strike
0-1: Ball
1-1: Ball
2-1: Ball
3-1: Base on Balls
Batting: RHB Wayne Rose 0-0: DOUBLE (Line Drive, 8RM)
Dave Sherman to third
Runner from 3rd tries for Home, SAFE, throw made home
Batting: RHB Brandon Cooper 0-0: Called Strike
0-1: Swinging Strike
0-2: Foul Ball, location: 2F
0-2: Ball
1-2: Ball
2-2: Ball
3-2: Base on Balls
Batting: RHB Barnett Armstrong 0-0: Ground out 5-3 (Groundball, 5S)
Wayne Rose to third
Brandon Cooper to second
Batting: LHB Luis Medina 0-0: Ball
1-0: Swinging Strike
1-1: Ball
2-1: Foul Ball, location: 2F
2-2: Fly out, F6 (Popup, 6MD)
Bottom of the 4th over - 1 run(s), 1 hit(s), 0 error(s), 2 left on base; Durham 2 - Westwood 2
TOP OF THE 5TH
Durham Rapiers batting - Pitching for Westwood Sixshooters : RHP John Tanner
Batting: LHB Mayer Röhricht 0-0: DOUBLE (Line Drive, 9LS)
Batting: LHB Gonzalo Féliz 0-0: Ball
1-0: Swinging Strike
1-1: Swinging Strike
1-2: Strikes out swinging
Batting: SHB Dan Godwin 0-0: Called Strike
0-1: Ground out 4-3 (Groundball, 34)
Mayer Röhricht to third
Batting: RHB Robert Bailey 0-0: Ball
1-0: Ball
2-0: Ball
3-0: Base on Balls
Batting: SHB Roger Wheeler 0-0: Called Strike
0-1: Called Strike
0-2: Fielders Choice at 2nd, 6-4 (Groundball, 6)
Top of the 5th over - 0 run(s), 1 hit(s), 0 error(s), 1 left on base; Durham 2 - Westwood 2
BOTTOM OF THE 5TH
Westwood Sixshooters batting - Pitching for Durham Rapiers : RHP Francisco López
Batting: RHB Ángel Bruno 0-0: Fly out, F8 (Flyball, 8LM)
Batting: SHB Tim Moss 0-0: Ball
1-0: Swinging Strike
1-1: Ball
2-1: Foul Ball, location: 2F
2-2: Foul Ball, location: 2F
2-2: Strikes out looking
Batting: RHB Bob Howells 0-0: Called Strike
0-1: Foul Ball, location: 2F
0-2: Ground out 6-3 (Groundball, 6M)
Bottom of the 5th over - 0 run(s), 0 hit(s), 0 error(s), 0 left on base; Durham 2 - Westwood 2
TOP OF THE 6TH
Durham Rapiers batting - Pitching for Westwood Sixshooters : RHP John Tanner
Batting: LHB Raúl Andrade 0-0: Called Strike
0-1: Ball
1-1: Ball
2-1: Foul Ball, location: 2F
2-2: Ball
3-2: Base on Balls
Batting: RHB Ray Whittier 0-0: Called Strike
0-1: Ball
1-1: Ball
2-1: Grounds into double play, 6-4-3 (Groundball, 6)
Batting: RHB Chris Bentley 0-0: Called Strike
0-1: Ground out 4-3 (Groundball, 4)
Top of the 6th over - 0 run(s), 0 hit(s), 0 error(s), 0 left on base; Durham 2 - Westwood 2
BOTTOM OF THE 6TH
Westwood Sixshooters batting - Pitching for Durham Rapiers : RHP Francisco López
Batting: RHB Jason Boyer 0-0: Ball
1-0: Swinging Strike
1-1: Foul Ball, location: 2F
1-2: Ball
2-2: Strikes out swinging
Batting: RHB Dave Sherman 0-0: Called Strike
0-1: Ball
1-1: Ground out 4-3 (Groundball, 4)
Batting: RHB Wayne Rose 0-0: Called Strike
0-1: Fly out, F7 (Line Drive, 7S)
Bottom of the 6th over - 0 run(s), 0 hit(s), 0 error(s), 0 left on base; Durham 2 - Westwood 2
TOP OF THE 7TH
Durham Rapiers batting - Pitching for Westwood Sixshooters : RHP John Tanner
Batting: RHB Ignacio Rodríguez 0-0: Ground out 1-3 (Groundball, 13)
Pinch Hitting: RHB Dewitt Mercer 0-0: Called Strike
0-1: Fly out, F7 (Flyball, 7LD)
Pinch Hitting: LHB Roberto Gallegos 0-0: Ball
1-0: Called Strike
1-1: Swinging Strike
1-2: Ball
2-2: Ball
3-2: Strikes out swinging
Top of the 7th over - 0 run(s), 0 hit(s), 0 error(s), 0 left on base; Durham 2 - Westwood 2
BOTTOM OF THE 7TH
Westwood Sixshooters batting - Pitching for Durham Rapiers : RHP Francisco López
Now in LF: Dewitt Mercer
Batting: RHB Brandon Cooper 0-0: Ball
Now in RF: Scott Martin 1-0: Ball
2-0: Called Strike
2-1: Foul Ball, location: 2F
2-2: Strikes out swinging
Pinch Hitting: RHB Jim Unknown 0-0: Ball
1-0: Called Strike
1-1: Foul Ball, location: 2F
1-2: Strikes out swinging
Batting: LHB Luis Medina 0-0: Ball
1-0: Ball
2-0: Ball
3-0: Base on Balls
Pitching: LHP Doug Ferguson
Batting: RHB Ángel Bruno 0-0: Foul Ball, location: 2F
0-1: Ball
1-1: Ball
2-1: Ball
3-1: Fly out, F6 (Line Drive, 6)
Bottom of the 7th over - 0 run(s), 0 hit(s), 0 error(s), 1 left on base; Durham 2 - Westwood 2
TOP OF THE 8TH
Durham Rapiers batting - Pitching for Westwood Sixshooters : RHP John Tanner
Now at 2B: Jim Unknown
Batting: SHB Dan Godwin 0-0: Ball
1-0: Fly out, F9 (Flyball, 9M)
Batting: RHB Robert Bailey 0-0: Ball
1-0: Ball
2-0: SINGLE (Line Drive, 78S)
Batting: SHB Roger Wheeler 0-0: Called Strike
0-1: Ball
1-1: Ball
2-1: Foul Ball, location: 2F
2-2: Foul Ball, location: 2F
2-2: Foul Ball, location: 2F
2-2: Grounds into double play, 6-4-3 (Groundball, 6)
Top of the 8th over - 0 run(s), 1 hit(s), 0 error(s), 0 left on base; Durham 2 - Westwood 2
BOTTOM OF THE 8TH
Westwood Sixshooters batting - Pitching for Durham Rapiers : LHP Doug Ferguson
Batting: SHB Tim Moss 0-0: Foul Ball, location: 2F
0-1: Ball
1-1: Swinging Strike
1-2: SINGLE (Groundball, 5L)
Batting: RHB Bob Howells 0-0: Ball
1-0: Called Strike
1-1: Foul Ball, location: 2F
1-2: Fielders Choice at 2nd, 4-6 (Groundball, 4)
Batting: RHB Jason Boyer 0-0: Foul Ball, location: 2F
0-1: Ball
1-1: Swinging Strike
1-2: Ball
2-2: Strikes out swinging
Pinch Hitting: RHB Dave Sterling 0-0: Ball
1-0: Called Strike
1-1: Ball
2-1: Swinging Strike
2-2: SINGLE (Groundball, 4M)
Bob Howells to second
Runner from 2nd tries for 3rd, SAFE, no throw or cutoff
Batting: RHB Wayne Rose 0-0: Ball
1-0: Fly out, F8 (Line Drive, 8LM)
Bottom of the 8th over - 0 run(s), 2 hit(s), 0 error(s), 2 left on base; Durham 2 - Westwood 2
TOP OF THE 9TH
Durham Rapiers batting - Pitching for Westwood Sixshooters : RHP John Tanner
Pitching: RHP Ben Fallon
Now in LF: Jim Unknown
Batting: LHB Raúl Andrade 0-0: Foul Ball, location: 2F
0-1: Foul Ball, location: 2F
0-2: Ball
1-2: Ball
2-2: Ground out 6-3 (Groundball, 6M)
Pinch Hitting: RHB Caleb Lee 0-0: Ground out 5-3 (Groundball, 5S)
Batting: RHB Chris Bentley 0-0: Ball
1-0: Ball
2-0: Ball
3-0: Called Strike
3-1: Base on Balls
Pinch Runner at 1st Evan Nelson:
Batting: RHB Ignacio Rodríguez 0-0: Ball
1-0: Ball
2-0: Ball
3-0: Called Strike
3-1: Swinging Strike
3-2: Strikes out looking
Top of the 9th over - 0 run(s), 0 hit(s), 0 error(s), 1 left on base; Durham 2 - Westwood 2
BOTTOM OF THE 9TH
Westwood Sixshooters batting - Pitching for Durham Rapiers : LHP Doug Ferguson
Pitching: RHP Eduardo Bravo
Now at C: Ray Dickey
Now at 3B: Juan Blanco
Pinch Hitting: RHB Pedro Cortés 0-0: Ball
1-0: Swinging Strike
1-1: Foul Ball, location: 2F
1-2: Foul Ball, location: 2F
1-2: Ball
2-2: Ball
3-2: SINGLE (Groundball, 56D)
Batting: RHB Jim Unknown 0-0: Ball
1-0: Foul Ball, location: 2F
1-1: Called Strike
1-2: Ball
2-2: Foul Ball, location: 2F
2-2: Ball
3-2: Base on Balls
Pedro Cortés to second
Batting: LHB Luis Medina 0-0: Swinging Strike
0-1: Ball
1-1: Fly out, F6 (Popup, 56D)
Batting: RHB Ángel Bruno 0-0: Called Strike
0-1: Ball
1-1: SINGLE (Flyball, 78S)
Pedro Cortés to third
Jim Unknown to second
Batting: SHB Tim Moss 0-0: Ball
1-0: Called Strike
1-1: Ball
2-1: Ball
3-1: Base on Balls
Pedro Cortés scores
Jim Unknown to third
Ángel Bruno to second
This league is powered by Out of the Park Baseball, the baseball management simulation game for PC, Mac and Linux
Monday, May 4th, 2015 - OOTP Baseball 15.6 Build 34